 Dungeon Crawl Stone Soup version 0.29.0-4-gdea44cf6ec (webtiles) character file.

Game seed: 14769639887502143138

109 qw the Chopper (level 4, -4/25 (26) HPs)
             Began as a Tengu Warper on Aug 28, 2022.
             Was an Initiate of Okawaru.
             Slain by an iguana (12 damage)
             ... on level 3 of the Dungeon.
             The game lasted 00:00:19 (3159 turns).

qw the Chopper (Tengu Warper)                       Turns: 3159, Time: 00:00:19

HP:   -4/25 (26)    AC:  8    Str: 14    XL:     4   Next: 89%
MP:   8/8           EV:  4    Int: 13    God:    Okawaru [......]
Gold: 38            SH: 12    Dex: 13    Spells: 7/7 levels left

rFire   . . .      SeeInvis .   Y - +0 hand axe
rCold   . . .      Faith    .   h - +0 kite shield
rNeg    . . .      Spirit   .   e - +0 chain mail
rPois   .          Reflect  +   (helmet restricted)
rElec   .          Harm     .   (no cloak)
rCorr   .          Rampage  .   (no gloves)
Will    .....                   (boots unavailable)
Stlth   ..........              a - amulet of reflection
HPRegen 0.08/turn               (no ring)
MPRegen 0.11/turn               (no ring)

@: lightly drained
A: beak, talons 3
a: Renounce Religion


You were on level 3 of the Dungeon.
You worshipped Okawaru.
Okawaru was noncommittal.
You visited 1 branch of the dungeon, and saw 4 of its levels.

You collected 167 gold pieces.
You spent 129 gold pieces at shops.


Innate Abilities, Weirdness & Mutations

You have a beak for a mouth.
You have claws for feet.


   Skills:
 - Level 2.0 Fighting
 - Level 5.3 Axes
 - Level 1.0 Throwing
 - Level 1.1 Armour
 - Level 2.1 Dodging
 + Level 0.2 Shields
 - Level 2.0 Spellcasting
 - Level 2.4 Translocations


You had 7 spell levels left.
You didn't know any spells.
Your spell library contained the following spells:

 Spells                   Type           Power      Damage    Failure   Level
 Blink                    Tloc           14%        N/A       100%        2
 Gell's Gravitas          Tloc           7%         N/A       100%        3
 Lesser Beckoning         Tloc           7%         N/A       100%        3
 Teleport Other           Tloc           7%         N/A       100%        3
 Manifold Assault         Tloc           7%         N/A       100%        5

Inventory:

Hand Weapons
 l - a +0 flail
 Y - a +0 hand axe (weapon)
Missiles
 d - a boomerang (quivered)
Armour
 e - a +0 chain mail (worn)
 h - a +0 kite shield (worn)
Jewellery
 a - an amulet of reflection (around neck)
Scrolls
 f - 5 scrolls of identify
Potions
 c - 4 potions of curing
 g - a potion of heal wounds
 j - a potion of magic

Dungeon Overview and Level Annotations

Branches:
Dungeon (4/15)
 Temple: D:4-7

Altars:
Okawaru
Yredelemnul

Shops:
D:1 !   D:2 !   D:3 [


Message History

Throw: boomerang
Press: ? - help, Q - select action Shift-Dir - straight line, f/p - iguana You throw a boomerang.
The boomerang hits the iguana but does no damage.
The iguana is lightly wounded.
A jackal comes into view.
The jackal barks!
You closely miss the iguana. You claw the iguana, but do no damage.
You peck the iguana.
The iguana is lightly wounded.
A gnoll comes into view. It is wielding a +0 whip.
A gnoll comes into view. It is wielding a +0 flail.
The iguana bites you.
3151 ||| Stepping ~*~*~tactically~*~*~ (stealth).
There is a stone staircase leading up here.
3152 ||| STAIRDANCE The gnoll shouts!
You hear a shout!
The iguana completely misses you.
You climb upwards.
There is a stone staircase leading down here.
You closely miss the iguana. You claw the iguana, but do no damage.
You peck the iguana.
The iguana is moderately wounded.
You block the iguana's attack. x2
You hit the iguana. Your peck misses the iguana.
The iguana is heavily wounded.
The iguana bites you!
You closely miss the iguana. Your kick misses the iguana.
The iguana is heavily wounded.
The iguana bites you.
You hit the iguana.
The iguana is heavily wounded.
The iguana barely misses you.
You hit the iguana. You claw the iguana.
The iguana is severely wounded.
The iguana bites you.
You closely miss the iguana. Your kick misses the iguana.
The iguana is severely wounded.
The iguana bites you!
You die...

#..#.# #.# ##...(>...##.....
###.#.# #.# #.........##.....
....#.####.# #...8...8.##.....
##.......#.#### #.........##.....
#.#..........# #..##.8.#.##.....
##.#..........###..###....##...##
.#.#.###.#.#..##...# ###########
.#.#.#...#.#.....#.#
.#.#.#.#<#.#.###@#.#
.#.#.#.#.#.#.# #l#.#
.#.#.#.#.#.#.# #...#
.#.#.#...#.#.# #####
##.#.#####.#.# #.........#.#
###......<#.# ##########...#
...........###


You could see an iguana.

Vanquished Creatures
  3 adders
  4 worms
  4 dart slugs
  An orc (D:3)
  2 ball pythons (D:2)
  8 bats
  8 endoplasms
  A giant cockroach (D:3)
  3 goblins
  5 hobgoblins
  A jackal (D:4)
  A quokka (D:3)
  A frilled lizard (D:2)
  8 kobolds
  9 rats
  A spectral orc (D:3)
60 creatures vanquished.

Notes
Turn   | Place    | Note
-------+----------+-------------------------------------------
     0 | D:1      | qw the Tengu Warper began the quest for the Orb.
     0 | D:1      | Reached XP level 1. HP: 12/12 MP: 4/4
     0 | D:1      | 0 ||| qw: Version: 0.1-a-89-g26bdef1
     0 | D:1      | 0 ||| qw: Game counter: 333
     0 | D:1      | 0 ||| qw: Always use a shield: true
     0 | D:1      | 0 ||| qw: God list: Okawaru
     0 | D:1      | 0 ||| qw: Allow faded altars: false
     0 | D:1      | 0 ||| qw: Do Orc after D:15 true
     0 | D:1      | 0 ||| qw: Do second Lair branch before Depths: true
     0 | D:1      | 0 ||| qw: Lair rune preference: random
     0 | D:1      | 0 ||| qw: Plans: Normal
     0 | D:1      | 0 ||| PLANNING D:1-11
    71 | D:1      | Found Aplalu Idoa's Distillery.
   206 | D:1      | Reached XP level 2. HP: 17/17 MP: 6/6
   215 | D:1      | Reached skill level 3 in Axes
   242 | D:1      | 242 ||| SHOPLISTING potion of cancellation (80 gold, have
                  | 14).
   242 | D:1      | 242 ||| SHOPLISTING potion of curing (30 gold, have 14).
   242 | D:1      | 242 ||| SHOPLISTING potion of haste (100 gold, have 14).
   242 | D:1      | 242 ||| SHOPLISTING potion of heal wounds (50 gold, have
                  | 14).
   242 | D:1      | 242 ||| SHOPLISTING potion of mutation (80 gold, have 14).
   495 | D:1      | Reached XP level 3. HP: 21/21 MP: 7/7
   501 | D:1      | Found a faded altar of an unknown god.
   685 | D:1      | 685 ||| UPGRADING to +0 chain mail.
   695 | D:1      | 695 ||| DROPPING +0 leather armour.
   696 | D:1      | 696 ||| UPGRADING to amulet of guardian spirit.
   701 | D:1      | 701 ||| READING scroll labelled MEACI IPA BIBYN.
   702 | D:1      | 702 ||| READING 2 scrolls labelled EPNEG JAOWAZY.
   703 | D:1      | 703 ||| READING scroll labelled EFACSOTIPN.
   704 | D:1      | 704 ||| DROPPING scroll of blinking.
   760 | D:2      | Reached skill level 4 in Axes
   865 | D:2      | 865 ||| Stepping ~*~*~tactically~*~*~ (stealth).
  1042 | D:2      | 1042 ||| Stepping ~*~*~tactically~*~*~ (stealth).
  1081 | D:2      | 1081 ||| FLEEEEING.
  1082 | D:2      | 1082 ||| FLEEEEING.
  1087 | D:2      | 1087 ||| FLEEEEING.
  1088 | D:2      | 1088 ||| FLEEEEING.
  1089 | D:2      | 1089 ||| FLEEEEING.
  1489 | D:2      | Reached XP level 4. HP: 26/26 MP: 8/8
  1618 | D:2      | Found Moekh's Distillery.
  1636 | D:2      | 1636 ||| SHOPLISTING potion of cancellation (80 gold, have
                  | 70).
  1636 | D:2      | 1636 ||| BUYING potion of curing (30 gold).
  1636 | D:2      | Bought a potion of curing for 30 gold pieces
  1636 | D:2      | 1636 ||| SHOPLISTING potion of heal wounds (50 gold, have
                  | 40).
  1921 | D:2      | 1921 ||| READING scroll labelled JIOLEY MEROHOCS.
  1922 | D:2      | 1922 ||| READING scroll labelled SYULIZEARGH.
  1923 | D:2      | 1923 ||| READING scroll labelled WESE TO BAEKY.
  2024 | D:2      | 2024 ||| DRINKING 2 silvery potions.
  2025 | D:2      | 2025 ||| DRINKING 2 white potions.
  2026 | D:2      | 2026 ||| READING 5 scrolls of identify.
  2026 | D:2      | 2026 ||| IDENTIFYING murky grey potion
  2027 | D:2      | 2027 ||| DROPPING potion of flight.
  2028 | D:2      | 2028 ||| DROPPING potion of magic.
  2077 | D:3      | 2077 ||| Stepping ~*~*~tactically~*~*~ (stealth).
  2078 | D:3      | 2078 ||| Stepping ~*~*~tactically~*~*~ (stealth).
  2079 | D:3      | 2079 ||| Stepping ~*~*~tactically~*~*~ (stealth).
  2089 | D:3      | Reached skill level 5 in Axes
  2093 | D:3      | 2093 ||| Stepping ~*~*~tactically~*~*~ (stealth).
  2107 | D:3      | 2107 ||| DROPPING +0 club.
  2115 | D:3      | Found an iron altar of Okawaru.
  2137 | D:3      | Became a worshipper of Warmaster Okawaru
  2138 | D:3      | 2138 ||| REMOVING amulet of guardian spirit.
  2195 | D:3      | Found Yrutzot's Antique Armour Emporium.
  2277 | D:3      | 2277 ||| SHOPLISTING embroidered scarf (176 gold, have
                  | 107).
  2277 | D:3      | 2277 ||| BUYING kite shield (99 gold).
  2277 | D:3      | Bought a kite shield for 99 gold pieces
  2277 | D:3      | 2277 ||| SHOPLISTING plate armour (506 gold, have 8).
  2277 | D:3      | 2277 ||| SHOPLISTING runed chain mail (165 gold, have 8).
  2812 | D:3      | Found a basalt altar of Yredelemnul.
  2888 | D:3      | 2888 ||| Stepping ~*~*~tactically~*~*~ (stealth).
  2901 | D:3      | 2901 ||| DROPPING +0 whip.
  3010 | D:3      | 3010 ||| UPGRADING to +0 kite shield.
  3015 | D:3      | 3015 ||| UPGRADING to amulet of reflection.
  3020 | D:3      | 3020 ||| DROPPING amulet of guardian spirit.
  3021 | D:3      | 3021 ||| READING scroll labelled VIH VIUWECZO.
  3104 | D:3      | 3104 ||| Stepping randomly (stuck).
  3118 | D:3      | 3118 ||| Stepping randomly (stuck).
  3151 | D:4      | 3151 ||| Stepping ~*~*~tactically~*~*~ (stealth).
  3152 | D:4      | 3152 ||| STAIRDANCE
  3159 | D:3      | Slain by an iguana

Levels and vault maps discovered:
D:1:      dpeg_arrival_fog, layout_rooms, chequers_ecumenical_altar_island,
          serial_shops, shop, nrook_mini_backslash
D:2:      layout_loops_ring, serial_shops, nicolae_shop_statue_plus
D:3:      layout_basic, yredelemnul_forgotten_temple_becter,
          mainiacjoe_overflow_catwalk, serial_shops, shop, grunt_ministairs_2,
          kennysheep_generic_room_16
D:4:      layout_cave_pools, nicolae_hepliaklqana_hippocampus, serial_shops,
          kennysheep_little_box, minmay_misc_feat_square, dk_noncrumbling_4,
          kennysheep_generic_room_3

Skill      XL: |  1  2  3  4 |
---------------+-------------+-----
Axes           | 3 4 5 |  5.3
Fighting       | |  2.0
Throwing       | |  1.0
Armour         | |  1.1
Dodging        | |  2.1
Shields        | |  0.2
Spellcasting   | |  2.0
Translocations | |  2.4

Action                   |  1- 3 |  4- 6 || total
-------------------------+-------+-------++-------
Melee: Hand axe          |    75 |    65 ||   140
       Kick              |    17 |    15 ||    32
       Peck              |     9 |    14 ||    23
Throw: Boomerang         |     7 |    25 ||    32
  Use: Scroll            |     3 |     5 ||     8
       Potion            |       |     2 ||     2
Armor: Leather armour    |     8 |       ||     8
       Chain mail        |    18 |    20 ||    38
Dodge: Dodged            |    19 |    12 ||    31
Block: Kite shield       |       |     5 ||     5

Table legend:
 A = Non-vault XP
 B = Vault XP
 C = Vault XP percentage of total XP
 D = Non-vault monster count
 E = Vault monster count
 F = Vault count percentage of total count
                 A         B        C        D         E       F
            +---------+---------+-------+---------+---------+-------
      Total |     144 |      12 |   7.7 |      55 |       5 |   8.3
            +---------+---------+-------+---------+---------+-------
        D:1 |      42 |       0 |   0.0 |      24 |       0 |   0.0
        D:2 |      69 |       0 |   0.0 |      20 |       0 |   0.0
        D:3 |      29 |      12 |  29.3 |       9 |       5 |  35.7
        D:4 |       4 |       0 |   0.0 |       2 |       0 |   0.0
            +---------+---------+-------+---------+---------+-------
